 Dungeon Crawl Stone Soup version 0.22-a0-603-gfc1114d (webtiles) character file.

91 sking99 the Insei (level 4, -6/36 HPs)
             Began as a Draconian Transmuter on July 7, 2018.
             Was a Believer of Uskayaw.
             Mangled by a bullfrog (7 damage)
             ... on level 3 of the Dungeon.
             The game lasted 00:05:08 (2151 turns).

sking99 the Insei (Draconian Transmuter)            Turns: 2151, Time: 00:05:09

Health: -6/36      AC:  6    Str: 12    XL:     4   Next: 34%
Magic:  3/7        EV: 12    Int: 14    God:    Uskayaw [**....]
Gold:   119        SH:  0    Dex: 12    Spells: 4/7 levels left

rFire    . . .     SeeInvis .     - Unarmed
rCold    . . .     Gourm    .   (no shield)
rNeg     . . .     Faith    .   (armour unavailable)
rPois    .         Spirit   .   (helmet restricted)
rElec    .         Reflect  .   e - +0 cloak
rCorr    .         Harm     .   (no gloves)
MR       .....                  (no boots)
Stlth    +.........             (no amulet)
HPRegen  0.12/turn              (no ring)
MPRegen  0.10/turn              (no ring)

@: no status effects
A: unfitting armour, cold-blooded, AC +5
a: Stomp, Line Pass, Renounce Religion


You were on level 3 of the Dungeon.
You worshipped Uskayaw.
Uskayaw was noncommittal.
You were hungry.

You visited 1 branch of the dungeon, and saw 3 of its levels.

You collected 119 gold pieces.

Inventory:

Missiles
 a - 37 arrows (quivered)
Armour
 e - a +0 cloak (worn)
Jewellery
 h - a cursed ring of loudness {unknown}
 n - a +2 ring of protection {unknown}
Scrolls
 d - a scroll of fog {unknown}
 f - a scroll of enchant weapon {unknown}
 i - a scroll of blinking {unknown}
 j - a scroll of identify {unknown}
 l - a scroll of remove curse {unknown}
 m - a scroll of immolation {unknown}
Potions
 b - a potion of curing {unknown}
 g - a potion of brilliance {unknown}
 o - a potion of haste {unknown}
Comestibles
 c - 2 rations
 k - 3 chunks of flesh


   Skills:
 - Level 2.0 Fighting
 - Level 1.7 Dodging
 * Level 4.4 Unarmed Combat
 - Level 2.0 Spellcasting
 + Level 2.6 Transmutations
 + Level 0.8 Invocations


You had 4 spell levels left.
You knew the following spells:

 Your Spells              Type           Power        Failure   Level  Hunger
a - Beastly Appendage     Tmut           #.....       8%          1    ##.....
b - Sticks to Snakes      Tmut           #.......     12%         2    ###....

Your spell library contained the following spells:

 Spells                   Type           Power        Failure   Level  Hunger
 Apportation              Tloc           #.....       24%         1    ##.....
 Summon Small Mammal      Summ           #...         24%         1    ##.....
 Animate Skeleton         Necr           N/A          24%         1    ##.....
 Spider Form              Tmut/Pois      #.........   38%         3    ####...
 Blade Hands              Tmut           #.........   91%         5    ######.
 Ice Form                 Ice/Tmut       #.......     80%         4    #####..
 Confusing Touch          Hex            #.....       24%         1    ##.....


Dungeon Overview and Level Annotations

Branches:
Dungeon (3/15)

Altars:
Elyvilon
Hepliaklqana
Uskayaw
Yredelemnul
Zin


Innate Abilities, Weirdness & Mutations

Your plain brown scales are hard. (AC +5)
You cannot fit into any form of body armour.
You are cold-blooded and may be slowed by cold attacks.


Message History

The bullfrog appears confused.
You are feeling hungry.
You can no longer pass through a line of other dancers.
The bullfrog hits you!
* * * LOW HITPOINT WARNING * * *
You hit the bullfrog.
The bullfrog is severely wounded.
Some of the chunks of flesh in your inventory have rotted away.
You hit the bullfrog but do no damage. You tail-slap the bullfrog.
The bullfrog is severely wounded.
The bullfrog seems less confused.
The bullfrog hits you but does no damage.
You can now pass through a line of other dancers.
You barely miss the bullfrog.
The bullfrog is severely wounded.
The bullfrog hits you.
* * * LOW HITPOINT WARNING * * *
Okay, then.
The bullfrog hits you!
You die...

....###.####..<.......#....#
.>....<...###########......#
..........## ##########....###
<.....[..... ........(.......###
####......##################...#
# #......# #####.# # ########
########.....# #
######........#####
#..@F.>######## #...###### #.#
..# # #.... ###


You could see a bullfrog.

Vanquished Creatures
  2 adders
  2 oozes (D:3)
  4 worms
  A dart slug (D:1)
  4 leopard geckos
  2 bats (D:1)
  2 giant cockroaches
  5 goblins
  4 hobgoblins
  2 jackals (D:1)
  A quokka (D:2)
  A frilled lizard (D:1)
  4 kobolds
  7 rats
41 creatures vanquished.

Vanquished Creatures (collateral kills)
  An adder (D:2)
1 creature vanquished.

Grand Total: 42 creatures vanquished

Notes
Turn   | Place    | Note
-------+----------+-------------------------------------------
     0 | D:1      | sking99 the Draconian Transmuter began the quest for the Orb.
     0 | D:1      | Reached XP level 1. HP: 16/16 MP: 3/3
   281 | D:1      | Reached XP level 2. HP: 23/23 MP: 5/5
   920 | D:2      | Learned a level 2 spell: Sticks to Snakes
   923 | D:2      | Reached XP level 3. HP: 26/29 MP: 3/6
  1357 | D:2      | Reached skill level 4 in Unarmed Combat
  1442 | D:2      | Found a white marble altar of Elyvilon.
  1442 | D:2      | Found a glowing silver altar of Zin.
  1447 | D:2      | Found a faded altar of an unknown god.
  1449 | D:2      | Found a hazy altar of Hepliaklqana.
  1450 | D:2      | Found a faded altar of an unknown god.
  1460 | D:2      | Became a worshipper of Uskayaw the Reveler
  1460 | D:2      | Reached * piety under Uskayaw
  1751 | D:2      | Reached ** piety under Uskayaw
  1823 | D:3      | Reached XP level 4. HP: 36/36 MP: 7/7
  1954 | D:3      | Found a basalt altar of Yredelemnul.
  2140 | D:3      | Noticed a bullfrog
  2147 | D:3      | HP: 1/36 [bullfrog (9)]
  2151 | D:3      | Mangled by a bullfrog

Vault maps used:
D:1:      minmay_arrival_four_loops
D:2:      chequers_temple_overflow_minitemple, interstate_on_off
D:3:      old_standard_altar

Skill      XL: |  1  2  3 |
---------------+----------+-----
Fighting       | 2 |  2.0
Unarmed Combat | 4 |  4.4
Dodging        | |  1.7
Spellcasting   | |  2.0
Transmutations | |  2.6
Invocations    | |  0.8

Action                   |  1- 3 |  4- 6 || total
-------------------------+-------+-------++-------
Melee: Unarmed           |   147 |    34 ||   181
       Tailslap          |    21 |     3 ||    24
       Punch             |     2 |       ||     2
 Cast: Sticks to Snakes  |     2 |       ||     2
Invok: Line Pass         |       |     1 ||     1
 Stab: Sleeping          |     2 |       ||     2
  Eat: Chunk             |     3 |     1 ||     4
Armor: Skin              |    44 |     4 ||    48
Dodge: Dodged            |    69 |    13 ||    82

Table legend:
 A = Spawn XP
 B = Non-spawn XP
 C = Spawn XP percentage of total XP
 D = Spawn monster count
 E = Non-spawn monster count
 F = Spawn count percentage of total count
 G = Total turns spent on level
                    A         B        C        D         E        F      G
               +---------+---------+-------+---------+---------+-------+---------
         Total |       0 |     131 |   0.0 |       0 |      42 |   0.0 |  2151
               +---------+---------+-------+---------+---------+-------+---------
           D:1 |       0 |      33 |   0.0 |       0 |      17 |   0.0 |   914
           D:2 |       0 |      59 |   0.0 |       0 |      17 |   0.0 |   893
           D:3 |       0 |      39 |   0.0 |       0 |       8 |   0.0 |   344
               +---------+---------+-------+---------+---------+-------+---------
